 Dungeon Crawl Stone Soup version 0.27.1-34-g3ba077fa99 (webtiles) character file.

Game seed: 14477528555629443296

14548 GainsdalftheGwei the Cruncher (level 11, -33/84 HPs)
             Began as a Demonspawn Gladiator on Jan 3, 2022.
             Was a Priest of Makhleb.
             Annihilated by a titanic slime creature (60 damage)
             ... on level 12 of the Dungeon.
             The game lasted 00:27:08 (11348 turns).

GainsdalftheGwei the Cruncher (DsGl)               Turns: 11348, Time: 00:27:09

Health: -33/84     AC: 27    Str: 16    XL:     11   Next: 90%
Magic:  0/21       EV:  6    Int: 10    God:    Makhleb [***...]
Gold:   290        SH:  4    Dex: 16    Spells: 9/10 levels left

rFire    . . .     SeeInvis .   a - +10 lajatang "Obilapp" {flame, rN+++ Will- rCorr Stlth+}
rCold    . . .     Faith    .   (shield currently unavailable)
rNeg     + + +     Spirit   +   W - +0 plate armour
rPois    .         Reflect  .   (helmet restricted)
rElec    .         Harm     .   m - +0 cloak
rCorr    +         Rampage  .   M - +0 pair of gloves
Will     .....                  G - +1 pair of boots
Stlth    ..........             V - amulet of guardian spirit
HPRegen  0.24/turn              p - ring of magical power
MPRegen  0.17/turn              I - +4 ring of slaying

@: no status effects
A: horns 1, slimy green scales 1, foul stench 1, icemail 2, condensation shield
a: Renounce Religion, Minor Destruction, Lesser Servant of Makhleb


You were on level 12 of the Dungeon.
You worshipped Makhleb.
Makhleb was most pleased with you.
You visited 1 branch of the dungeon, and saw 12 of its levels.

You collected 730 gold pieces.
You spent 440 gold pieces at shops.

Inventory:

Hand Weapons
 a - the +10 lajatang "Obilapp" (weapon) {flame, rN+++ Will- rCorr Stlth+}
   (You bought it in a shop on level 3 of the Dungeon)

   It burns those it strikes, dealing additional fire damage.
   Big, fiery blades are also staple armaments of hydra-hunters.
   rN:        It renders you almost immune to negative energy.
   rCorr:     It protects you from acid and corrosion.
   Will:      It decreases your willpower.
   Stlth:     It makes you more stealthy.
 l - the +8 demon trident "Rift" {distort, reach+}
   (You found it on level 11 of the Dungeon)

   It warps and distorts space around it, and may blink, banish, or inflict
   extra damage upon those it strikes.
   Unwielding it can cause banishment or high damage.
   It can reach especially far, and its reaching attacks ignore other creatures
   in the way.
 w - a +4 rapier of distortion
 N - a +1 whip of venom
Missiles
 b - 21 poisoned darts (quivered)
 d - 3 throwing nets
 u - 3 javelins
 C - 9 boomerangs
 U - a curare-tipped dart
Armour
 m - a +0 cloak (worn)
 o - the +0 pair of gloves of Bedevilment {Harm rN+ Dex+4}
   (You found it on level 11 of the Dungeon)

   Dex:       It affects your dexterity (+4).
   rN:        It protects you from negative energy.
   Harm:      It increases damage dealt and taken.
 G - a +1 pair of boots (worn)
 M - a +0 pair of gloves (worn)
 R - the +1 kite shield of Good Intentions {Int+8}
   (You found it on level 9 of the Dungeon)

   Int:       It affects your intelligence (+8).
 W - a +0 plate armour (worn)
Jewellery
 p - a ring of magical power (left hand)
 E - a +6 ring of intelligence
 I - a +4 ring of slaying (right hand)
 L - a ring of positive energy
 V - an amulet of guardian spirit (around neck)
Wands
 y - a wand of iceblast (22)
 B - a wand of mindburst (5)
 H - a wand of digging (3)
 T - a wand of acid (9)
Scrolls
 c - 2 scrolls of immolation {unknown}
 e - 3 scrolls of identify
 f - 7 scrolls of teleportation
 h - 5 scrolls of fog {unknown}
 i - 3 scrolls of amnesia {unknown}
 k - 3 scrolls of vulnerability {unknown}
 n - 4 scrolls of magic mapping {unknown}
 q - 2 scrolls of acquirement {unknown}
 s - 2 scrolls of torment {unknown}
 x - 4 scrolls of fear
 z - 7 scrolls of enchant weapon {unknown}
 F - 3 scrolls of blinking
 J - a scroll of enchant armour {unknown}
Potions
 g - 6 potions of curing
 j - 2 potions of haste
 r - 2 potions of flight
 t - 2 potions of degeneration {unknown}
 v - a potion of might
 A - a potion of mutation {unknown}
 D - 3 potions of heal wounds {unknown}
 K - a potion of magic {unknown}
 O - 2 potions of lignification {unknown}
 Q - a potion of ambrosia {unknown}
 S - a potion of brilliance {unknown}


   Skills:
 * Level 7.4 Fighting
 + Level 7.4 Long Blades
 * Level 8.7 Staves
 * Level 8.3 Throwing
 + Level 6.4 Armour
 + Level 4.3 Dodging
 + Level 1.3 Stealth
 + Level 2.9 Shields
 * Level 3.5 Unarmed Combat
 * Level 2.3 Invocations
 + Level 1.3 Evocations


You had 9 spell levels left.
You knew the following spells:

 Your Spells              Type           Power      Damage    Failure   Level
a - Corona                Hex            0%         N/A       100%        1

Your spell library contained the following spells:

 Spells                   Type           Power      Damage    Failure   Level
 Shock                    Conj/Air       0%         1d3       100%        1
 Ensorcelled Hibernation  Hex/Ice        0%         N/A       100%        2
 Summon Guardian Golem    Hex/Summ       0%         N/A       100%        3
 Swiftness                Air            0%         N/A       100%        3
 Tukima's Dance           Hex            0%         N/A       100%        3
 Airstrike                Air            0%         N/A       100%        4
 Alistair's Intoxication  Tmut/Pois      0%         N/A       100%        5
 Borgnjor's Vile Clutch   Necr/Erth      0%         N/A       100%        5
 Freezing Cloud           Conj/Ice/Air   0%         6-21      100%        5
 Eringya's Noxious Bog    Tmut/Pois      0%         N/A       100%        6
 Simulacrum               Ice/Necr       0%         N/A       100%        6
 Orb of Destruction       Conj           0%         N/A       100%        7
 Spellforged Servitor     Conj/Summ      0%         N/A       100%        7
 Polar Vortex             Ice            0%         N/A       100%        9


Dungeon Overview and Level Annotations

Branches:
Dungeon (12/15)            Temple (0/1) D:5            Lair (0/6) D:11
    Orc (0/2) D:10

Altars:
Ashenzari
Cheibriados
Fedhas
Gozag
Makhleb
Ru
Yredelemnul

Shops:
D:3 (


Innate Abilities, Weirdness & Mutations

You have a pair of small horns on your head.
You are partially covered in slimy green scales. (AC +2)
You may rarely emit foul miasma when damaged in melee.
A meltable icy envelope protects you from harm. (AC +8)
A meltable shield of frost defends you. (SH +4)


Message History

There is a shaft here.
You open the door. 4 slime creatures and a wraith come into view.
The slime creature quivers. x3
Found 2 murky black potions.
There are monsters nearby!
Two slime creatures merge to form a large slime creature.
Two slime creatures merge to form a very large slime creature.
There is a shaft here.
You slice the very large slime creature!!
You burn the very large slime creature!
You headbutt the very large slime creature.
The very large slime creature is lightly wounded.
The very large slime creature hits you!
Two slime creatures merge to form an enormous slime creature.
You slice the enormous slime creature!! You burn the enormous slime creature.
The enormous slime creature is moderately wounded.
A slime creature comes into view.
You slash the enormous slime creature! You burn the enormous slime creature!
Your headbutt misses the enormous slime creature.
The enormous slime creature is moderately wounded.
Two slime creatures merge to form a titanic slime creature.
You barely miss the titanic slime creature.
You headbutt the titanic slime creature.
The titanic slime creature is moderately wounded.
You barely miss the titanic slime creature.
The titanic slime creature is moderately wounded.
The titanic slime creature barely misses you.
You slash the titanic slime creature! You burn the titanic slime creature.
The titanic slime creature is moderately wounded.
The titanic slime creature hits you but does no damage.
You slash the titanic slime creature! You burn the titanic slime creature.
The titanic slime creature is heavily wounded.
The titanic slime creature hits you!!!
Ouch! That really hurt!
You slice the titanic slime creature!! You burn the titanic slime creature.
The titanic slime creature is heavily wounded.
The titanic slime creature hits you!!!
Ouch! That really hurt!
You die...

#... #... #...
#... #### #
#.##### ##+## #
#.....# ####.....#
####### #####
#####.###.@JW....+
....... #...#
#.....##..##.....#
#######
#.#.###.###....##
!...# #
#.......#...####
...# #
#####.#######
#+### # #.# #.# #
#.##### #.# #
#.....# #.# #
######'## #.# #


You could see a titanic slime creature and a wraith.

Vanquished Creatures
  3 two-headed ogres
  3 death yaks (D:11)
  A slime creature (D:12)
  An orange crystal statue (D:11)
  3 manticores
  3 trolls
  A hornet (D:7)
  Grinder (D:4)
  17 yaks
  Eustachio (D:5)
  A shadow (D:12)
  2 vampires (D:10)
  A wraith (D:11)
  2 wyverns
  Menkaure (D:4)
  A warg (D:10)
  A water moccasin (D:5)
  5 orc warriors
  A hornet zombie (D:8)
  An ice beast (D:6)
  4 centaurs
  4 ogres
  2 kobold brigands (D:9)
  A bullfrog (D:8)
  2 gnoll sergeants (D:7)
  Blork the orc (D:4)
  3 scorpions
  2 wyvern skeletons
  2 water moccasin skeletons
  15 killer bees
  2 howler monkeys (D:8)
  2 bullfrog zombies
  A crimson imp (D:10)
  2 centaur zombies
  2 hounds (D:4)
  2 orc priests
  4 jellies
  A gnoll shaman (D:9)
  Crazy Yiuf (D:2)
  An iguana (D:4)
  Ijyb (D:4)
  4 orc wizards
  A howler monkey zombie (D:8)
  15 adders
  18 gnolls
  An ufetubus (D:5)
  2 adder skeletons
  19 orcs
  2 bats
  5 endoplasms
  2 giant cockroaches
  6 goblins
  10 hobgoblins
  15 kobolds
  5 quokkas
  9 ball pythons
  2 frilled lizards
  3 rats (D:2)
224 creatures vanquished.

Vanquished Creatures (others)
  A wizard (D:10)
  An endoplasm (D:4)
2 creatures vanquished.

Grand Total: 226 creatures vanquished

Notes
Turn   | Place    | Note
-------+----------+-------------------------------------------
     0 | D:1      | GainsdalftheGwei the Demonspawn Gladiator began the quest
                  | for the Orb.
     0 | D:1      | Reached XP level 1. HP: 16/16 MP: 1/1
   316 | D:1      | Gained mutation: A meltable shield of frost defends you.
                  | (SH +4) [demonic ancestry]
   316 | D:1      | Reached XP level 2. HP: 22/22 MP: 2/2
   374 | D:1      | Found a faded altar of an unknown god.
   740 | D:2      | Reached XP level 3. HP: 19/27 MP: 3/3
  1193 | D:2      | Found a sacrificial altar of Ru.
  1467 | D:2      | Found a runed translucent door.
  1468 | D:2      | Noticed Crazy Yiuf
  1505 | D:2      | Killed Crazy Yiuf
  1506 | D:2      | Gained mutation: A meltable icy envelope protects you from
                  | harm. (AC +8) [demonic ancestry]
  1506 | D:2      | Reached XP level 4. HP: 34/34 MP: 4/4
  1869 | D:3      | Reached skill level 1 in Armour
  1869 | D:3      | Gained mutation: You are partially covered in slimy green
                  | scales. (AC +2) [demonic ancestry]
  1869 | D:3      | Reached XP level 5. HP: 27/39 MP: 5/5
  2506 | D:3      | Gained mutation: You have a pair of small horns on your
                  | head. [demonic ancestry]
  2506 | D:3      | Reached XP level 6. HP: 21/46 MP: 6/6
  2506 | D:3      | Found Juikox's Antique Weapon Boutique.
  2933 | D:4      | Noticed Menkaure
  3090 | D:4      | Killed Menkaure
  3133 | D:4      | Gained mutation: You may rarely emit foul miasma when
                  | damaged in melee. [demonic ancestry]
  3133 | D:4      | Reached XP level 7. HP: 44/52 MP: 7/7
  3266 | D:4      | Noticed Ijyb
  3293 | D:4      | Killed Ijyb
  3297 | D:4      | Noticed Grinder
  3313 | D:4      | Killed Grinder
  3314 | D:4      | Reached skill level 5 in Long Blades
  3539 | D:4      | Reached skill level 5 in Throwing
  3632 | D:4      | Found a burning altar of Makhleb.
  3676 | D:4      | Became a worshipper of Makhleb the Destroyer
  3696 | D:4      | Noticed Blork the orc
  3704 | D:4      | Killed Blork the orc
  3802 | D:4      | Reached XP level 8. HP: 56/58 MP: 8/8
  3907 | D:5      | Entered Level 5 of the Dungeon
  3961 | D:5      | Noticed Eustachio
  3971 | D:5      | Killed Eustachio
  4162 | D:5      | Found a staircase to the Ecumenical Temple.
  4249 | D:5      | Noticed a troll
  4266 | D:5      | Killed a troll
  4267 | D:5      | Reached skill level 1 in Shields
  5181 | D:6      | Gained mutation: A meltable icy envelope protects you from
                  | harm. (AC +8) [demonic ancestry]
  5181 | D:6      | Reached XP level 9. HP: 60/66 MP: 9/9
  5370 | D:6      | Found an opulent altar of Gozag.
  5370 | D:6      | Found a basalt altar of Yredelemnul.
  5630 | D:6      | Found a snail-covered altar of Cheibriados.
  5630 | D:6      | Found a blossoming altar of Fedhas.
  6022 | D:7      | Reached skill level 5 in Fighting
  6051 | D:7      | Reached * piety under Makhleb
  6101 | D:7      | Reached skill level 1 in Evocations
  7282 | D:3      | Bought a polished lajatang for 440 gold pieces
  7282 | D:3      | Identified the +10 lajatang "Obilapp" {flame, rN+++ Will-
                  | rCorr Stlth+} (You bought it in a shop on level 3 of the
                  | Dungeon)
  7382 | D:8      | Reached skill level 1 in Stealth
  7508 | D:8      | Reached skill level 1 in Staves
  7804 | D:9      | Identified the +1 kite shield of Good Intentions {Int+8}
  8254 | D:9      | Reached XP level 10. HP: 71/76 MP: 10/10
  8299 | D:9      | Reached ** piety under Makhleb
  8709 | D:10     | Entered Level 10 of the Dungeon
  8925 | D:10     | Noticed a two-headed ogre
  8944 | D:10     | Killed a two-headed ogre
  8945 | D:10     | Reached skill level 5 in Armour
  8945 | D:10     | Reached skill level 1 in Unarmed Combat
  8945 | D:10     | Noticed a two-headed ogre
  8956 | D:10     | Killed a two-headed ogre
  8957 | D:10     | Reached skill level 5 in Staves
  9193 | D:10     | Found a staircase to the Orcish Mines.
  9442 | D:10     | Learned a level 1 spell: Corona
  9643 | D:10     | Noticed a wizard
  9648 | D:10     | Killed a wizard
  9933 | D:10     | Reached XP level 11. HP: 74/83 MP: 11/11
  9950 | D:11     | Noticed an orange crystal statue
  9950 | D:11     | Found the +8 demon trident "Rift" {distort, reach+}
 10097 | D:11     | Found a broken altar of Ashenzari.
 10222 | D:11     | Reached *** piety under Makhleb
 10469 | D:11     | Found a staircase to the Lair.
 10469 | D:11     | Noticed a death yak
 10469 | D:11     | Noticed a death yak
 10469 | D:11     | Noticed a death yak
 10476 | D:11     | Killed a death yak
 10478 | D:11     | Killed a death yak
 10487 | D:11     | Killed a death yak
 10488 | D:11     | Reached skill level 1 in Invocations
 10851 | D:11     | Killed an orange crystal statue
 10855 | D:11     | Identified the +0 pair of gloves of Bedevilment {Harm rN+
                  | Dex+4}
 11127 | D:12     | Noticed a two-headed ogre
 11144 | D:12     | Killed a two-headed ogre
 11348 | D:12     | Annihilated by a titanic slime creature

Illustrated notes

Levels and vault maps discovered:
D:1:      nicolae_arrival_washed_ashore, layout_rooms,
          hellmonk_ecumenical_altar_crossroads
D:2:      layout_basic, basic_altar, minmay_pentomino_p2,
          uniq_crazy_yiuf_cottage
D:3:      layout_basic, serial_shops, shop_fountains, feat_on_display
D:4:      layout_rooms, minmay_ruined_shrine, uniq_menkaure, uniq_blork_the_orc,
          uniq_ijyb, uniq_grinder
D:5:      layout_cave_pods, temple_statues, chequers_serial_rivers_room_b,
          uniq_eustachio
D:6:      layout_loops_ring, gammafunk_temple_overflow_elements,
          jmf_multi_god_temple
D:7:      layout_loops_cross, sigmund_army
D:8:      layout_basic, grunt_decor_fettered
D:9:      layout_loops_corners
D:10:     layout_roguey, david_orc_1_choice, lightli_wizard_tower
D:11:     layout_grid_maze, dpeg_lair_monsters, minivault_15, minivault_1,
          nicolae_ashenzari_skybound
D:12:     layout_roguey, uniq_snorg

Skill      XL: |  1  2  3  4  5  6  7  8  9 10 11 |
---------------+----------------------------------+-----
Long Blades    | 3 4 5 6 7 |  7.4
Dodging        | 3 4 |  4.3
Throwing       | 2 3 5 6 7 8 |  8.3
Armour         | 1 2 3 4 5 6 |  6.4
Fighting       | 3 4 5 6 7 |  7.4
Shields        | 1 2 |  2.9
Evocations     | 1 |  1.3
Stealth        | 1 |  1.3
Staves         | 1 6 8 |  8.7
Unarmed Combat | 2 3 |  3.5
Invocations    | 2 |  2.3

Action                   |  1- 3 |  4- 6 |  7- 9 | 10-12 || total
-------------------------+-------+-------+-------+-------++-------
Melee: Long sword        |    79 |   105 |   191 |       ||   375
       Headbutt          |       |     2 |    47 |    39 ||    88
       Lajatang          |       |       |    33 |   188 ||   221
Throw: Dart              |     6 |    37 |    54 |    11 ||   108
       Throwing net      |     2 |     1 |     1 |       ||     4
       Javelin           |       |     4 |    10 |       ||    14
       Boomerang         |       |       |     6 |       ||     6
Evoke: Wand              |       |       |     8 |     2 ||    10
  Use: Potion            |     3 |       |     3 |     2 ||     8
       Scroll            |       |       |     1 |       ||     1
Armor: Ring mail         |    21 |       |       |       ||    21
       Leather armour    |     3 |       |       |       ||     3
       Scale mail        |     8 |    64 |   109 |       ||   181
       Chain mail        |       |       |    45 |    34 ||    79
       Plate armour      |       |       |       |    81 ||    81
Dodge: Dodged            |    53 |    50 |   158 |    52 ||   313
Block: Other             |     6 |    20 |    54 |    28 ||   108
       Rpst.: Long sword |    12 |    19 |    34 |       ||    65
